[Event "Titled Tuesday Blitz June 21 Early 2022"]
[White "Mitrabha, Guha"]
[Black "Vidonyak, Roman"]
[WhiteFideId "5057000"]
[BlackFideId "14100622"]
[WhiteElo "2499"]
[BlackElo "2415"]
[Result "1-0"]
[Round "01"]
[TimeControl "180+1"]
[Date "2022.06.22"]
[WhiteClock "0:02:05"]
[BlackClock "0:00:33"]

1. d4 Nf6 2. Nf3 g6 3. Nbd2 d5 4. b4 a5 5. b5 Bg7 6. e3 c5 7. bxc6 Nxc6 8. Be2 O-O 9. O-O Ne4 10. Nxe4 dxe4 11. Nd2 f5 12. Rb1 Kh8 13. Ba3 Re8 14. Nc4 Qc7 15. Nb6 Rb8 16. c4 Bd7 17. Qb3 f4 18. Nd5 Qc8 19. Nxf4 e5 20. dxe5 Nxe5 21. Nd5 a4 22. Qb4 Bc6 23. Ne7 Qd7 24. Rfd1 Qc7 25. Qd6 Qxd6 26. Bxd6 Rbd8 27. c5 Nf7 28. Bc4 Nxd6 29. cxd6 Be5 30. Nxc6 bxc6 31. d7 Re7 32. Rb7 Kg7 33. Kf1 Kf8 34. Ke2 h6 35. h3 Rg7 36. Ra7 Ke7 37. Ba6 Ke6 38. Bc8 Bb8 39. Rxa4 Ke5 40. Rdd4 Re7 41. Rxe4+ Kf6 42. Rxe7 Kxe7 43. Re4+ Kd6 44. Re8 Bc7 45. a4 1-0


[Site "https://www.chess.com"]

[Event "Titled Tuesday Blitz June 21 Early 2022"]
[White "Molina, Roberto Junio Brito"]
[Black "Perez Leiva, Jerzy Jesus"]
[WhiteFideId "2109450"]
[BlackFideId "3524337"]
[WhiteElo "2432"]
[BlackElo "2287"]
[Result "1/2-1/2"]
[Round "01"]
[TimeControl "180+1"]
[Date "2022.06.22"]
[WhiteClock "0:00:11"]
[BlackClock "0:00:12"]

1. d4 Nf6 2. c4 e6 3. Nf3 d5 4. Nc3 Bb4 5. Bg5 h6 6. Bxf6 Qxf6 7. Qa4+ Nc6 8. e3 O-O 9. Rc1 Rd8 10. Be2 a6 11. Qc2 dxc4 12. Bxc4 e5 13. d5 Ne7 14. O-O Bf5 15. e4 Bg4 16. Ne1 Ng6 17. Nd3 Bd6 18. f3 Bd7 19. Kh1 h5 20. b4 h4 21. Nc5 Bc8 22. a3 Nf4 23. Qf2 g6 24. Ne2 Nh5 25. Kg1 Kg7 26. Qe3 a5 27. Ra1 b6 28. Nd3 g5 29. b5 Bd7 30. a4 Rh8 31. Rac1 Rag8 32. h3 Nf4 33. Kh2 Kf8 34. Bb3 Qd8 35. Ng1 Rh6 36. Nf2 f5 37. exf5 e4 38. Kh1 exf3 39. Qxf3 Rf6 40. Ne4 Rxf5 41. Nxd6 cxd6 42. Qe4 Re5 43. Qc2 Kg7 44. Rce1 Bf5 45. Qd2 Rge8 46. Rxe5 Rxe5 47. Bd1 Be4 48. Bf3 Bxf3 49. Nxf3 Re2 50. Qd4+ Qf6 51. Qxf6+ Kxf6 52. Nxh4 gxh4 53. Rxf4+ Ke5 54. Rxh4 Kxd5 55. Rf4 Kc5 56. g4 d5 57. Kg1 d4 58. Kf1 Rh2 59. Rf3 Kc4 60. Ke1 d3 61. Rf6 Kc3 62. Rc6+ Kb3 63. Rxb6 Kxa4 64. g5 Rh1+ 65. Kd2 Rxh3 66. g6 Rg3 67. Rd6 Kxb5 68. Rxd3 Rxg6 69. Kc3 a4 70. Kb2 Kb4 71. Rd4+ Kb5 72. Ka3 Rg3+ 73. Kb2 Rb3+ 74. Ka2 Rh3 75. Rd5+ Kb4 76. Rd4+ Kc3 77. Rg4 Rh2+ 78. Ka3 Rh1 79. Kxa4 Ra1+ 80. Kb5 Rb1+ 81. Kc5 Rc1 82. Rg3+ Kb2+ 83. Kd4 Rc2 84. Rg1 Rc1 85. Rg2+ Rc2 86. Rg8 Rd2+ 87. Ke3 Rc2 88. Kd3 Rc3+ 89. Kd4 Rc7 90. Rb8+ Kc2 91. Ke3 Re7+ 92. Kf4 Rf7+ 93. Ke5 Rc7 94. Kd6 Rc3 95. Rb6 Rh3 96. Rc6+ Kd2 97. Kc7 Rh7+ 98. Kb6 Rh5 99. Rc5 Rxc5 100. Kxc5 1/2-1/2


[Site "https://www.chess.com"]

[Event "Titled Tuesday Blitz June 21 Early 2022"]
[White "Mortazavi, Ali"]
[Black "Pranesh M"]
[WhiteFideId "401323"]
[BlackFideId "35028600"]
[WhiteElo "2339"]
[BlackElo "1902"]
[Result "0-1"]
[Round "01"]
[TimeControl "180+1"]
[Date "2022.06.21"]
[WhiteClock "0:01:11"]
[BlackClock "0:00:18"]

1. Nf3 Nf6 2. g3 d5 3. Bg2 Bf5 4. O-O e6 5. d3 Nbd7 6. c4 c6 7. Be3 h6 8. Qb3 Qc8 9. Nc3 Bd6 10. Rac1 O-O 11. cxd5 exd5 12. Nd4 Bh7 13. Bh3 Nc5 14. Qd1 Qxh3 15. f3 Rfe8 16. Bf2 Ne6 17. Nxe6 Rxe6 18. e4 Rd8 19. Qb3 Re7 20. Rce1 Qh5 21. Bxa7 dxe4 22. dxe4 Bc5+ 23. Bxc5 Qxc5+ 24. Kh1 Rd2 25. Re2 Red7 26. Qa4 Bg6 27. Rfe1 Kh7 28. e5 Rxe2 29. Rxe2 Nd5 30. Ne4 Qc1+ 31. Kg2 Ne3+ 32. Kf2 Nd1+ 33. Kg2 Ne3+ 34. Kf2 b5 35. Qa3 Nd1+ 36. Kg2 Bxe4 37. fxe4 Rd2 38. Rxd2 Qxd2+ 39. Kh3 Nf2+ 40. Kh4 Qg5# 0-1


[Site "https://www.chess.com"]

[Event "Titled Tuesday Blitz June 21 Early 2022"]
[White "Mrudul Dehankar"]
[Black "Kozin, Yuri"]
[WhiteFideId "25096990"]
[BlackFideId "4129920"]
[WhiteElo "1766"]
[BlackElo "2601"]
[Result "1-0"]
[Round "01"]
[TimeControl "180+1"]
[Date "2022.06.22"]
[WhiteClock "0:00:06"]
[BlackClock "0:00:01"]

1. e4 c5 2. Nf3 e6 3. d4 cxd4 4. Nxd4 a6 5. Bd3 Qc7 6. O-O Nc6 7. Nxc6 dxc6 8. f4 e5 9. Nc3 Nf6 10. f5 h6 11. a4 a5 12. Qf3 b6 13. Kh1 Ba6 14. Bxa6 Rxa6 15. Be3 Ra8 16. Rad1 Bb4 17. Ne2 O-O 18. g4 Nh7 19. h4 Be7 20. Qg3 f6 21. Qf2 Rab8 22. Ng3 Kh8 23. Kg2 Rfd8 24. Rxd8+ Qxd8 25. Rh1 b5 26. axb5 cxb5 27. Qe2 b4 28. Rd1 Qc7 29. Nf1 a4 30. Nh2 a3 31. bxa3 bxa3 32. Nf3 Rb2 33. Ne1 a2 34. Ra1 Qa5 35. Qc4 Qa3 36. Bd2 Qc5 37. Qd3 Qa7 38. Bc3 Rb1 39. Qd5 Rxa1 40. Bxa1 Nf8 41. Nd3 Nd7 42. g5 hxg5 43. hxg5 fxg5 44. Nxe5 Nxe5 45. Qxe5 Bf6 46. Qe8+ Kh7 47. Qg6+ Kg8 48. Bxf6 a1=Q 49. Qe8+ Kh7 50. Qh5+ Kg8 51. Qe8+ Kh7 52. Bxa1 Qxa1 53. Qg6+ Kg8 54. Qxg5 Qd1 55. Qe3 Qxc2+ 56. Kf3 Qd1+ 57. Kf4 Qf1+ 58. Qf3 Qc4 59. Kg4 Qc7 60. Qf4 Qc2 61. e5 Qg2+ 62. Qg3 Qe4+ 63. Qf4 Qe2+ 64. Kh4 Qe1+ 65. Kh3 Qh1+ 66. Kg3 Qg1+ 67. Kf3 Qf1+ 68. Ke4 Qe2+ 69. Qe3 Qc4+ 70. Kf3 Qf1+ 71. Ke4 Qc4+ 72. Qd4 Qe2+ 73. Kd5 Qf3+ 74. Ke6 Qc6+ 75. Qd6 Qc3 76. Qd8+ Kh7 77. Qh4+ Kg8 78. Qd8+ Kh7 79. Qd5 Qc8+ 80. Ke7 Qc7+ 81. Ke6 Qc8+ 82. Qd7 Qc4+ 83. Ke7 Qf4 84. Qe6 Qg5+ 85. f6 gxf6 86. exf6 Qc5+ 87. Qd6 1-0


[Site "https://www.chess.com"]

[Event "Titled Tuesday Blitz June 21 Early 2022"]
[White "Namitbir Singh Walia"]
[Black "Halkias, Stelios"]
[WhiteFideId "35071068"]
[BlackFideId "4201809"]
[WhiteElo "1565"]
[BlackElo "2453"]
[Result "0-1"]
[Round "01"]
[TimeControl "180+1"]
[Date "2022.06.22"]
[WhiteClock "0:00:04"]
[BlackClock "0:00:26"]

1. d4 Nf6 2. c4 g6 3. g3 Bg7 4. Bg2 c5 5. d5 d6 6. Nc3 e6 7. e4 exd5 8. cxd5 O-O 9. Nf3 Re8 10. Nd2 b5 11. Nxb5 Ba6 12. Nc3 Nbd7 13. Bf1 c4 14. Bg2 Nc5 15. O-O Rc8 16. Kh1 h5 17. h3 Qd7 18. Kh2 Nd3 19. f4 Rb8 20. Rb1 Qc8 21. Qf3 Nd7 22. Rd1 N7c5 23. Bf1 Bxc3 24. bxc3 Rxb1 25. Nxb1 Nxe4 26. Ba3 Qb7 0-1


[Site "https://www.chess.com"]

[Event "Titled Tuesday Blitz June 21 Early 2022"]
[White "Nasir, Zehn"]
[Black "Fedoseev, Vladimir"]
[WhiteFideId "2613239"]
[BlackFideId "24130737"]
[WhiteElo "1993"]
[BlackElo "2726"]
[Result "0-1"]
[Round "01"]
[TimeControl "180+1"]
[Date "2022.06.21"]
[WhiteClock "0:00:16"]
[BlackClock "0:00:29"]

1. d4 Nf6 2. Bf4 g6 3. Nc3 Bg7 4. e4 d6 5. Qd2 Nc6 6. Nf3 Bg4 7. d5 Nb8 8. Be2 c6 9. O-O-O Qb6 10. Be3 Nxe4 11. Bxb6 Nxd2 12. Ba5 Nxf3 13. gxf3 Bf5 14. h4 h5 15. Ne4 O-O 16. Bc3 cxd5 17. Bxg7 Kxg7 18. Rxd5 Nc6 19. Rg1 Be6 20. Rxh5 Nd4 21. Bd1 Rh8 22. Rxh8 Rxh8 23. c3 Nf5 24. Ng5 Bd5 25. Bc2 Nxh4 26. f4 Ng2 27. f5 Nf4 28. Kd2 Rh2 29. Ke3 Rg2 30. Rxg2 Nxg2+ 31. Kd4 Bxa2 32. fxg6 Ne1 33. Be4 e5+ 34. Ke3 d5 35. Ke2 dxe4 36. Kxe1 f5 37. Ne6+ Bxe6 0-1


[Site "https://www.chess.com"]

[Event "Titled Tuesday Blitz June 21 Early 2022"]
[White "Nguyen, Quoc Hy"]
[Black "Martin, Lewis"]
[WhiteFideId "12410853"]
[BlackFideId "410551"]
[WhiteElo "1938"]
[BlackElo "2145"]
[Result "1-0"]
[Round "01"]
[TimeControl "180+1"]
[Date "2022.06.22"]
[WhiteClock "0:00:03"]
[BlackClock "0:00:02"]

1. d4 d5 2. c4 c6 3. Nc3 dxc4 4. a4 Nf6 5. e4 e5 6. Nf3 exd4 7. Nxd4 Bb4 8. Bxc4 Nxe4 9. O-O Bxc3 10. bxc3 O-O 11. Qf3 Nd6 12. Ba2 Nd7 13. Bf4 Nf6 14. h3 a6 15. Rfd1 Nfe4 16. Nxc6 bxc6 17. Bxd6 Nxd6 18. Qf4 Qa5 19. Rxd6 Qxc3 20. Rc1 Qa3 21. Rc2 Be6 22. Bxe6 fxe6 23. Qe5 Qxa4 24. Rcxc6 Rab8 25. Rc7 Rb1+ 26. Kh2 Qf4+ 27. Qxf4 Rxf4 28. f3 Rb8 29. Rxa6 Rf6 30. Raa7 Rg6 31. g4 Re8 32. h4 h6 33. h5 Rg5 34. Kh3 e5 35. Rc4 Rf8 36. Kg3 Rf7 37. Ra8+ Rf8 38. Ra7 Rf7 39. Ra5 Re7 40. Ra8+ Kh7 41. Rcc8 g6 42. Rh8+ Kg7 43. Rag8+ Kf7 44. Rf8+ Kg7 45. Kh4 1-0


[Site "https://www.chess.com"]

[Event "Titled Tuesday Blitz June 21 Early 2022"]
[White "Ovezdurdyyeva, Jemal"]
[Black "Artemenko, Oleg"]
[WhiteFideId "14001888"]
[BlackFideId "14201798"]
[WhiteElo "1946"]
[BlackElo "2287"]
[Result "1/2-1/2"]
[Round "01"]
[TimeControl "180+1"]
[Date "2022.06.22"]
[WhiteClock "0:00:29"]
[BlackClock "0:01:36"]

1. e4 e6 2. d4 d5 3. Nd2 c5 4. Ngf3 cxd4 5. Nxd4 Nc6 6. N4f3 Nf6 7. exd5 Nxd5 8. Bc4 Be7 9. O-O O-O 10. c3 a6 11. a4 b6 12. Ne4 Bb7 13. Qc2 h6 14. Rd1 Qc7 15. Bd3 Rfd8 16. Ng3 Rac8 17. Qe2 a5 18. Qe4 Nf6 19. Qe2 Bc5 20. Be3 Bxe3 21. Qxe3 Ne7 22. Bc2 Ned5 23. Qe5 Qxe5 24. Nxe5 Nf4 25. f3 Kf8 26. Kf2 Ke7 27. Ne2 Nxe2 28. Kxe2 Rxd1 29. Rxd1 Rc5 30. Nd3 Rg5 31. Kf2 Rd5 32. Nf4 Rxd1 33. Bxd1 e5 34. Nd3 Nd7 35. Ke3 f6 36. Bc2 Kd6 37. Nf2 Nc5 38. Ne4+ Bxe4 39. fxe4 h5 40. h4 g6 41. Bd1 Ne6 42. g3 Kc5 43. Kd3 Ng7 44. Bb3 g5 45. Bf7 gxh4 46. gxh4 f5 47. exf5 Nxf5 48. Bxh5 Nxh4 49. Ke4 Kd6 50. Bd1 Ng6 51. b4 Nf4 52. bxa5 bxa5 53. c4 Ne6 54. Ke3 Ng5 55. Kd3 Kc5 56. Bc2 Kb4 57. Bd1 Nh3 58. Bc2 Ng5 59. Bd1 Kc5 60. Bc2 Ne6 61. Ke4 Nd4 62. Bd1 Nc6 63. Kd3 Kd6 64. Ke4 Nb8 65. Kd3 Na6 66. Ke4 Nc5+ 67. Ke3 Ke6 68. Bc2 Kf6 69. Bd1 Kg5 70. Bc2 Kg4 71. Bd1+ Kg3 72. Bc2 Kg2 73. Ke2 Kg3 74. Ke3 Kg4 75. Bd1+ Kf5 76. Bc2+ Ke6 77. Bd1 Kd6 78. Bc2 Ne6 79. Bd1 Ng5 80. Bc2 Kc5 81. Kd3 1/2-1/2


[Site "https://www.chess.com"]

[Event "Titled Tuesday Blitz June 21 Early 2022"]
[White "Ozates, Tuna"]
[Black "Sethuraman, S.P."]
[WhiteFideId "6354521"]
[BlackFideId "5021596"]
[WhiteElo "1887"]
[BlackElo "2473"]
[Result "0-1"]
[Round "01"]
[TimeControl "180+1"]
[Date "2022.06.21"]
[WhiteClock "0:00:05"]
[BlackClock "0:00:08"]

1. e4 c5 2. Nf3 d6 3. Bb5+ Nd7 4. O-O a6 5. Bc4 e6 6. d4 cxd4 7. Nxd4 Ngf6 8. Qe2 Nc5 9. Nc3 b5 10. Bb3 Bb7 11. f3 Be7 12. Be3 O-O 13. Rad1 Qc7 14. Kh1 Rfe8 15. a3 Bf8 16. Bg5 Nfd7 17. f4 Nb6 18. Rde1 d5 19. e5 Nc4 20. Bxc4 dxc4 21. f5 exf5 22. Nxf5 Qc6 23. Qf2 Qg6 24. Bh4 Nd7 25. Bg3 Bc5 26. Qf4 Nf8 27. Ne4 Ne6 28. Qh4 Bxe4 29. Rxe4 h5 30. Nd6 Bxd6 31. exd6 Nc5 32. Rxe8+ Rxe8 33. Qd4 Nd7 34. Qa7 Qg4 35. Qf2 Qe6 36. h3 Nf6 37. Rd1 Ne4 38. Qe1 Qd7 39. Bf4 g5 40. Bh2 Re6 41. Qe3 h4 42. Kg1 f5 43. Qf3 Re8 44. Qh5 Kg7 45. Re1 Qa7+ 0-1


[Site "https://www.chess.com"]

[Event "Titled Tuesday Blitz June 21 Early 2022"]
[White "Pappelis, Dimitrios"]
[Black "Yedidia, Daniel"]
[WhiteFideId "4215281"]
[BlackFideId "30905907"]
[WhiteElo "1998"]
[BlackElo "2575"]
[Result "0-1"]
[Round "01"]
[TimeControl "180+1"]
[Date "2022.06.22"]
[WhiteClock "0:00:01"]
[BlackClock "0:01:07"]

1. Nf3 Nf6 2. c4 b6 3. g3 Bb7 4. Bg2 e6 5. O-O Be7 6. d4 O-O 7. Nc3 d5 8. Ne5 Qc8 9. cxd5 exd5 10. Bf4 Rd8 11. Rc1 c6 12. e3 Qe6 13. h4 Nbd7 14. Kh2 Nxe5 15. dxe5 Ng4+ 16. Kg1 Nxe5 17. Ne2 Ng6 18. Nd4 Qd7 19. Kh2 c5 20. Bh3 Qe8 21. Nf5 Nxf4 22. gxf4 Bf6 23. Rg1 Kh8 24. Qg4 g6 25. Ng3 Bxb2 26. Rc2 Bg7 27. h5 Bc8 28. Qh4 Bxh3 29. Qxh3 Kg8 30. hxg6 hxg6 31. f5 Rd6 32. Rcc1 Qe5 33. Kh1 d4 34. exd4 cxd4 35. Rce1 Qd5+ 36. Rg2 d3 37. fxg6 fxg6 38. Ne4 d2 39. Nxd2 Qxd2 40. Re7 Qh6 41. Qxh6 Bxh6 42. Kh2 Bf8 43. Rb7 a5 44. Kh3 Re8 45. f4 Re7 46. Rb8 Kf7 47. Rf2 Bg7 48. f5 g5 49. Kg4 Re4+ 50. Kxg5 Bf6+ 51. Kh5 Rh4# 0-1


[Site "https://www.chess.com"]

[Event "Titled Tuesday Blitz June 21 Early 2022"]
[White "Paravyan, David"]
[Black "Bodi, Tibor"]
[WhiteFideId "4194985"]
[BlackFideId "701084"]
[WhiteElo "2569"]
[BlackElo "2243"]
[Result "1-0"]
[Round "01"]
[TimeControl "180+1"]
[Date "2022.06.21"]
[WhiteClock "0:00:36"]
[BlackClock "0:00:49"]

1. e4 c6 2. d4 d5 3. e5 Bf5 4. h4 h6 5. Bd3 Bxd3 6. Qxd3 e6 7. h5 Ne7 8. Ne2 c5 9. c3 cxd4 10. cxd4 Nec6 11. Nbc3 Nd7 12. g3 Rc8 13. O-O Be7 14. Kg2 O-O 15. Be3 Qe8 16. Rae1 f6 17. exf6 Bxf6 18. Nf4 Bg5 19. Ng6 Bxe3 20. Rxe3 Rf6 21. Nxd5 Rxg6 22. hxg6 e5 23. dxe5 Ndxe5 24. Qf5 Rd8 25. Nf4 Rd2 26. Rfe1 Nd4 27. Qxe5 Qc6+ 28. Qd5+ 1-0


[Site "https://www.chess.com"]

[Event "Titled Tuesday Blitz June 21 Early 2022"]
[White "Pein, Jonathan"]
[Black "Lashkin, Jegor"]
[WhiteFideId "417092"]
[BlackFideId "13907808"]
[WhiteElo "2140"]
[BlackElo "2368"]
[Result "0-1"]
[Round "01"]
[TimeControl "180+1"]
[Date "2022.06.21"]
[WhiteClock "0:00:04"]
[BlackClock "0:00:06"]

1. e4 c5 2. c4 Nc6 3. Nc3 g6 4. g3 Bg7 5. Bg2 d6 6. Nge2 e6 7. O-O Nge7 8. d3 O-O 9. a3 b6 10. Rb1 Bb7 11. Be3 Nd4 12. b4 Qd7 13. Qd2 Rae8 14. Bh6 e5 15. Bxg7 Kxg7 16. f4 f5 17. Rbe1 Nec6 18. b5 Nxe2+ 19. Nxe2 Ne7 20. a4 Ng8 21. a5 Nf6 22. Nc3 bxa5 23. fxe5 Rxe5 24. exf5 Bxg2 25. Qxg2 Rxe1 26. Rxe1 Qxf5 27. Re7+ Rf7 28. Qb7 Ng4 29. Rxf7+ Qxf7 30. Qxf7+ Kxf7 31. Ne4 Ke7 32. h3 Ne5 33. Kf2 Nxd3+ 34. Ke3 Ne5 35. Nd2 a4 36. Ke4 a3 37. Kd5 a2 38. Nb3 h5 39. Na1 g5 40. Nb3 h4 41. gxh4 gxh4 42. Na1 Nd3 43. Kc6 Nb2 44. Kb7 Nxc4 45. Kxa7 d5 46. b6 Nxb6 47. Kxb6 d4 48. Kxc5 d3 49. Kd4 d2 0-1


[Site "https://www.chess.com"]

[Event "Titled Tuesday Blitz June 21 Early 2022"]
[White "Piesik, Piotr"]
[Black "Rangel, Daniel"]
[WhiteFideId "1136194"]
[BlackFideId "2124475"]
[WhiteElo "2247"]
[BlackElo "2225"]
[Result "0-1"]
[Round "01"]
[TimeControl "180+1"]
[Date "2022.06.22"]
[WhiteClock "0:00:02"]
[BlackClock "0:00:08"]

1. Nf3 Nf6 2. g3 e6 3. Bg2 d5 4. O-O b6 5. d3 Bb7 6. Nbd2 Nbd7 7. e4 dxe4 8. Ng5 Nc5 9. Ngxe4 Ncxe4 10. dxe4 Be7 11. Qe2 Qc8 12. Rd1 O-O 13. e5 Nd7 14. f4 Bc5+ 15. Kh1 Rd8 16. Ne4 Be7 17. Be3 a5 18. a4 Ra7 19. Rd2 Qa8 20. Bg1 Nf8 21. Rad1 Rxd2 22. Rxd2 Bd5 23. c4 Bc6 24. b3 Bb4 25. Rd1 Qe8 26. h4 Ba8 27. h5 h6 28. g4 Qe7 29. Bf2 Qe8 30. Kh2 Be7 31. Kh3 Nd7 32. Qd3 Nb8 33. c5 Nc6 34. cxb6 cxb6 35. Bxb6 Rb7 36. Bc5 Nb4 37. Qe2 Rc7 38. Bxe7 Qxe7 39. Nd6 Rc2 40. Qxc2 Nxc2 41. Bxa8 Qa7 42. Bf3 Qe3 43. Kg3 Nd4 44. Rf1 Ne2+ 45. Kg2 Nxf4+ 46. Kg3 Nd3 47. Nc4 Qf4+ 48. Kg2 Nxe5 49. Nxe5 Qxe5 50. Rf2 Qd4 51. Rc2 g5 52. Kg3 Qf4+ 53. Kg2 Kg7 54. Re2 Qb4 55. Re3 Qc5 56. Rd3 Qc2+ 0-1


[Site "https://www.chess.com"]

[Event "Titled Tuesday Blitz June 21 Early 2022"]
[White "Piliczewski, Bogusz"]
[Black "Koellner, Ruben Gideon"]
[WhiteFideId "1104144"]
[BlackFideId "12993093"]
[WhiteElo "1896"]
[BlackElo "2563"]
[Result "0-1"]
[Round "01"]
[TimeControl "180+1"]
[Date "2022.06.22"]
[WhiteClock "0:00:02"]
[BlackClock "0:02:01"]

1. d4 d6 2. Nf3 Nf6 3. Bf4 g6 4. h3 Bg7 5. e3 O-O 6. Be2 Nc6 7. O-O Nd7 8. c4 e5 9. Bh2 h6 10. Nc3 f5 11. a3 a5 12. Rb1 g5 13. d5 Ne7 14. e4 Nc5 15. Nd2 a4 16. f3 Bd7 17. Kh1 b6 18. Bg1 h5 19. Qe1 Ng6 20. Bd1 f4 21. Bc2 Qc8 22. Qe2 Bf6 23. Bxc5 bxc5 24. Nb5 g4 0-1


[Site "https://www.chess.com"]

[Event "Titled Tuesday Blitz June 21 Early 2022"]
[White "Poltorak, Sebastian"]
[Black "Marin Masis, Jose Esteban"]
[WhiteFideId "1199498"]
[BlackFideId "6508146"]
[WhiteElo "2104"]
[BlackElo "1710"]
[Result "1-0"]
[Round "01"]
[TimeControl "180+1"]
[Date "2022.06.22"]
[WhiteClock "0:00:05"]
[BlackClock "0:00:09"]

1. d4 Nf6 2. c4 e6 3. Nc3 Bb4 4. Qc2 c5 5. a3 Bxc3+ 6. bxc3 d5 7. cxd5 exd5 8. Nf3 O-O 9. Bg5 h6 10. Bh4 Be6 11. e3 Nbd7 12. Bd3 Rc8 13. O-O c4 14. Bf5 Re8 15. Bxe6 Rxe6 16. Nd2 Qa5 17. Rfe1 Rce8 18. Qb2 Rb6 19. Qc2 Ne4 20. Nxe4 Rxe4 21. Bg3 Rb3 22. Rac1 Rxa3 23. f3 Re6 24. e4 Ra2 25. Qd1 dxe4 26. fxe4 Qa3 27. Rc2 Ra6 28. Rxa2 Qxa2 29. Qg4 Nf6 30. Qc8+ Kh7 31. Qxb7 Rb6 32. Qxf7 Rb2 33. Qe6 Rxg2+ 34. Kh1 Qd2 35. Qf5+ Kg8 36. Rf1 Nh5 37. Qxh5 Re2 38. Qf3 Rxh2+ 39. Bxh2 Qg5 40. e5 1-0


[Site "https://www.chess.com"]

[Event "Titled Tuesday Blitz June 21 Early 2022"]
[White "Priyanka Nutakki"]
[Black "Nilssen, Ellen Fredericia"]
[WhiteFideId "25049615"]
[BlackFideId "1441230"]
[WhiteElo "1912"]
[BlackElo "2094"]
[Result "1-0"]
[Round "01"]
[TimeControl "180+1"]
[Date "2022.06.22"]
[WhiteClock "0:01:08"]
[BlackClock "0:00:08"]

1. d4 Nf6 2. c4 e6 3. Nf3 b6 4. g3 Bb7 5. Bg2 Be7 6. O-O O-O 7. Nc3 d6 8. d5 e5 9. e4 Nbd7 10. h3 Ne8 11. Qc2 g6 12. Bh6 Ng7 13. b4 f5 14. a4 Rf7 15. a5 Ba6 16. Nd2 Bg5 17. Bxg5 Qxg5 18. axb6 axb6 19. Ra2 Bb7 20. Rxa8+ Bxa8 21. Ra1 Rf8 22. Nb5 f4 23. g4 h5 24. Nf3 Qd8 25. g5 h4 26. Ra7 Re8 27. Nxc7 Qb8 28. Nxe8 Qxa7 29. Nxd6 Qa1+ 30. Kh2 Nf8 31. c5 bxc5 32. bxc5 Qa7 33. c6 Qb6 34. c7 1-0


[Site "https://www.chess.com"]

[Event "Titled Tuesday Blitz June 21 Early 2022"]
[White "Pulpan, Jakub"]
[Black "Pham, Tran Gia Phuc"]
[WhiteFideId "302759"]
[BlackFideId "12415669"]
[WhiteElo "2495"]
[BlackElo "1789"]
[Result "1-0"]
[Round "01"]
[TimeControl "180+1"]
[Date "2022.06.22"]
[WhiteClock "0:01:10"]
[BlackClock "0:00:26"]

1. c4 Nf6 2. g3 c5 3. Bg2 g6 4. b3 Bg7 5. Bb2 O-O 6. Nf3 Nc6 7. d4 cxd4 8. Nxd4 Nxd4 9. Qxd4 d6 10. O-O Rb8 11. Qxa7 Qc7 12. Nc3 Bd7 13. Nd5 Nxd5 14. Bxg7 Kxg7 15. Bxd5 Bc6 16. Qd4+ f6 17. a4 b6 18. h4 h5 19. Rfd1 Bd7 20. Rd3 Bf5 21. Re3 Rfe8 22. Be6 Bxe6 23. Rxe6 Qc5 24. Qd3 Kf7 25. Re3 Ra8 26. Rd1 f5 27. Rf3 Kg7 28. e4 Rf8 29. Re1 Qe5 30. Rf4 e6 31. Qd2 Qc5 32. exf5 exf5 33. Rd4 Rf6 34. Re7+ Kf8 35. Rh7 Rc8 36. Qh6+ Ke8 37. Qg7 1-0


[Site "https://www.chess.com"]

[Event "Titled Tuesday Blitz June 21 Early 2022"]
[White "Puranik, Abhimanyu"]
[Black "Manukian, Artak"]
[WhiteFideId "5061245"]
[BlackFideId "13301373"]
[WhiteElo "2520"]
[BlackElo "2461"]
[Result "1-0"]
[Round "01"]
[TimeControl "180+1"]
[Date "2022.06.22"]
[WhiteClock "0:01:17"]
[BlackClock "0:01:57"]

1. e4 c6 2. d4 d5 3. Nd2 dxe4 4. Nxe4 Nf6 5. Nxf6+ exf6 6. c3 Bd6 7. Bd3 Na6 8. Ne2 Nc7 9. O-O Nd5 10. c4 Ne7 11. Qc2 Ng6 12. f4 O-O 13. f5 Ne7 14. Be3 Re8 15. Bf2 Qc7 16. Bg3 Bxg3 17. Nxg3 b6 18. Rad1 Bb7 19. Qf2 c5 20. d5 Nc8 21. Qf3 Nd6 22. Qg4 Kh8 23. Nh5 Rg8 24. Rf3 Rae8 25. Rh3 Re5 26. Qh4 Qe7 27. Nxf6 h6 28. Nxg8 Kxg8 29. f6 g5 30. Qxh6 Re1+ 31. Rxe1 Qxe1+ 32. Bf1 1-0


[Site "https://www.chess.com"]

[Event "Titled Tuesday Blitz June 21 Early 2022"]
[White "Rios Escobar, Adan"]
[Black "Matinian, Nikita"]
[WhiteFideId "3403645"]
[BlackFideId "24129100"]
[WhiteElo "2450"]
[BlackElo "2422"]
[Result "0-1"]
[Round "01"]
[TimeControl "180+1"]
[Date "2022.06.22"]
[WhiteClock "0:00:02"]
[BlackClock "0:00:28"]

1. d4 Nf6 2. g3 g6 3. Bg2 d5 4. c4 c6 5. Qa4 Nfd7 6. cxd5 Nb6 7. Qb3 cxd5 8. Nc3 Nc6 9. e3 Be6 10. Nge2 Qd7 11. Nf4 Na5 12. Qb5 Qxb5 13. Nxb5 Kd7 14. Nc3 Rc8 15. Ncxd5 Nxd5 16. Nxd5 Bxd5 17. Bxd5 e6 18. Bf3 Bb4+ 19. Kf1 b5 20. Kg2 f5 21. Rd1 Rc2 22. Rb1 Rhc8 23. a3 Bd6 24. Bd2 Nc4 25. Bc1 a5 26. e4 a4 27. Kf1 Rc7 28. h4 Rc8 29. h5 gxh5 30. e5 Be7 31. Bxh5 Nb6 32. Be2 b4 33. axb4 Bxb4 34. Bd3 R2c7 35. d5 Nxd5 36. Bxf5 exf5 37. Rxd5+ Ke6 38. Rd1 Rc2 39. Bf4 Bc5 40. Rd2 Rxd2 41. Bxd2 Bd4 42. Bc3 Bxc3 43. bxc3 Rxc3 44. Ra1 a3 45. Ke2 Kxe5 46. Kd2 Rf3 47. Ke2 Rb3 48. Kf1 Kd4 49. Kg2 Kc3 50. Rh1 a2 51. Rxh7 a1=Q 52. Rc7+ Kd4 53. Rd7+ Ke5 54. Re7+ Kf6 55. Re8 Qb1 0-1


[Site "https://www.chess.com"]

[Event "Titled Tuesday Blitz June 21 Early 2022"]
[White "Rodchenkov, Sergey D."]
[Black "Abdrlauf, Elham"]
[WhiteFideId "4168712"]
[BlackFideId "1533533"]
[WhiteElo "2293"]
[BlackElo "2403"]
[Result "0-1"]
[Round "01"]
[TimeControl "180+1"]
[Date "2022.06.22"]
[WhiteClock "0:00:58"]
[BlackClock "0:00:54"]

1. e4 g6 2. d4 Bg7 3. Nc3 e6 4. Be3 Ne7 5. Qd2 h6 6. O-O-O d5 7. h4 dxe4 8. Nxe4 Nf5 9. h5 g5 10. g4 Nxe3 11. Qxe3 O-O 12. Kb1 Nc6 13. c3 f5 14. Nc5 e5 15. Bc4+ Kh8 16. Ne6 Bxe6 17. Bxe6 exd4 18. Qe1 fxg4 19. Bxg4 Qf6 20. Qe6 Qxe6 21. Bxe6 dxc3 22. bxc3 Rxf2 23. Nh3 Rf3 24. Rd7 Re8 25. Bb3 Rxc3 26. Rxc7 Na5 27. Bf7 Rxc7 28. Bxe8 Nc4 29. a3 Nd2+ 30. Ka2 Rc2# 0-1


[Site "https://www.chess.com"]

[Event "Titled Tuesday Blitz June 21 Early 2022"]
[White "Rom, Jasper"]
[Black "Yuan, Qingyu"]
[WhiteFideId "2023733"]
[BlackFideId "8609772"]
[WhiteElo "2233"]
[BlackElo "2359"]
[Result "1-0"]
[Round "01"]
[TimeControl "180+1"]
[Date "2022.06.22"]
[WhiteClock "0:00:32"]
[BlackClock "0:00:17"]

1. e4 c6 2. d4 d5 3. Nd2 dxe4 4. Nxe4 Nf6 5. Nxf6+ exf6 6. c3 Bd6 7. Bd3 O-O 8. Qc2 Re8+ 9. Ne2 h5 10. O-O h4 11. h3 Nd7 12. Bd2 Nf8 13. Rfe1 g6 14. Bh6 f5 15. Qd2 Nh7 16. Bf4 Be6 17. Bxd6 Qxd6 18. Qh6 Qd8 19. Nf4 Qg5 20. Qxg5 Nxg5 21. Re3 Kf8 22. b3 Bd7 23. Rae1 Rxe3 24. Rxe3 a5 25. Kf1 Ne6 26. Ne2 Ke7 27. Ng1 f4 28. Re5 f6 29. Re1 g5 30. Nf3 Kd6 31. Nd2 Rf8 32. Nc4+ Kc7 33. Bf5 Ng7 34. Bxd7 Kxd7 35. Nxa5 b5 36. Nb7 Nf5 37. Nc5+ Kc7 38. Ne6+ Kd6 39. Nxf8 1-0


[Site "https://www.chess.com"]